Map: Moonlight Madness LE (Void)

Players

Tefel

  • Race: Zerg Zerg
  • League: Grandmaster

Bobby (TheStC) - Winner!

  • Race: Terran Terran
  • League: Master

Event: Lycan League Weekly July #1

VOD

Have the link to the VOD?

Description

Time

  • Played on: July 20, 2015, 3:23 p.m.
  • Length: 16:01

All games in this series

Show
View Real Time Build Order
Export as new Build Order

Tefel Zerg 

Build Orders: Pool First 

Get SALT Encoding   

  12  0:00  Drone  
  13  0:10  Drone  
  14  0:19  Overlord  
  14  0:24  Extractor  
  14  0:25  Drone  
  15  0:38  Drone x2  
  17  0:44  Drone  
  18  0:51  Spawning Pool  
  18  0:54  Drone  
  18  1:14  Hatchery  
  18  1:15  Drone  
  18  1:19  Drone, Extractor  
  18  1:26  Drone  
  19  1:37  Drone  
  19  1:38  Queen  
  22  1:48  Overlord  
  22  2:01  Hatchery  
  22  2:05  Drone  
  22  2:13  Queen  
  24  2:19  Drone  
  25  2:28  Drone  
  26  2:30  Metabolic Boost  
  26  2:33  Drone x2  
  26  2:36  Extractor  
  26  2:39  Drone  
  26  2:41  Drone  
  29  2:45  Drone x2  
  29  2:48  Drone  
  32  2:53  Overlord  
  32  2:56  Drone  
  32  2:57  Drone  
  34  3:00  Drone  
  35  3:06  Drone  
  35  3:11  Queen  
  35  3:12  Drone  
  39  3:13  Drone  
  39  3:16  Drone, Extractor  
  39  3:19  Drone  
  41  3:21  Drone  
  41  3:22  Drone  
  41  3:24  Drone  
  41  3:25  Drone  
  45  3:27  Drone  
  45  3:32  Drone  
  45  3:33  Overlord  
  47  3:35  Drone  
  47  3:40  Lair  
  48  3:42  Extractor  
  48  3:43  Drone  
  48  3:44  Drone  
  48  3:46  Drone  
  50  3:51  Overlord, Zergling x4  
  50  3:54  Zergling x2  
  50  3:55  Zergling x2  
  54  3:58  Zergling x4  
  54  4:00  Zergling x2  
  57  4:08  Drone  
  58  4:14  Overlord  
  58  4:17  Overlord  
  58  4:18  Spine Crawler  
  58  4:20  Drone x4  
  58  4:24  Overlord  
  61  4:25  Drone x2, Baneling Nest  
  61  4:27  Extractor  
  61  4:28  Drone  
  62  4:31  Drone  
  62  4:32  Drone x2  
  62  4:34  Zergling x2  
  62  4:37  Zergling x4  
  68  4:38  Zergling x2  
  68  4:45  Spire  
  68  4:46  Zergling x2  
  68  4:47  Zergling x2  
  68  4:48  Zergling x2  
  68  4:49  Overseer  
  72  4:52  Zergling x2  
  72  4:53  Zergling x2  
  72  4:54  Zergling x2  
  72  4:56  Zergling x4  
  72  4:58  Zergling x2  
  72  4:59  Zergling x2  
  72  5:00  Zergling x2  
  72  5:02  Zergling x2  
  72  5:04  Zergling x2  
  72  5:05  Zergling x2  
  72  5:07  Zergling x2  
  72  5:08  Zergling x2  
  62  5:16  Baneling x2  
  62  5:17  Zergling x4  
  62  5:19  Zergling x4  
  62  5:20  Zergling x2  
  64  5:21  Zergling x2  
  64  5:24  Drone  
  64  5:28  Queen  
  60  5:29  Drone  
  60  5:32  Drone  
  60  5:34  Drone  
  63  5:39  Zergling x2  
  59  5:43  Queen, Zergling x4  
  59  5:49  Spore Crawler, Overlord  
  61  5:50  Zergling x2  
  61  5:52  Zergling x2  
  61  5:56  Extractor  
  61  5:57  Extractor  
  61  6:00  Mutalisk  
  61  6:01  Mutalisk  
  58  6:04  Mutalisk  
  59  6:11  Drone  
  59  6:13  Drone x2  
  59  6:16  Drone x4  
  59  6:17  Evolution Chamber  
  65  6:24  Drone x3  
  68  6:34  Drone x3  
  71  6:44  Drone x4  
  71  6:46  Roach Warren, Drone x2  
  76  6:49  Overlord  
  76  6:50  Zerg Missile Weapons Level 1  
  76  6:51  Drone x4  
  80  7:05  Drone, Overlord  
  80  7:07  Drone x2  
  83  7:12  Overlord  
  83  7:24  Overlord  
  83  7:26  Roach x9, Glial Reconstitution  
  83  7:29  Roach  
  103  7:32  Hydralisk Den  
  103  7:34  Roach x2  
  106  7:37  Roach x3  
  112  7:45  Roach x2  
  112  7:46  Overlord  
  112  7:48  Roach x3  
  122  7:51  Overlord x2  
  122  7:59  Overlord  
  122  8:01  Overlord  
  122  8:02  Overlord  
  122  8:07  Overlord  
  122  8:11  Roach x4  
  130  8:19  Roach  
  132  8:21  Roach x5  
  132  8:23  Roach  
  132  8:24  Muscular Augments  
  132  8:26  Hydralisk  
  146  8:27  Hydralisk  
  146  8:28  Hydralisk  
  146  8:32  Hydralisk  
  146  8:33  Hydralisk  
  154  8:35  Hydralisk  
  154  8:37  Hydralisk  
  154  8:40  Hydralisk  
  154  8:44  Hydralisk  
  154  8:45  Hydralisk  
  154  8:47  Hydralisk  
  131  8:58  Roach x6  
  131  8:59  Roach  
  131  9:00  Overlord  
  131  9:02  Roach  
  145  9:04  Roach  
  145  9:08  Roach  
  147  9:17  Roach x3  
  147  9:18  Roach x2  
  147  9:19  Roach  
  147  9:21  Roach x2  
  141  9:29  Roach  
  133  9:31  Roach  
  133  9:32  Roach x2  
  133  9:33  Roach x3  
  143  9:39  Hatchery  
  143  9:40  Roach  
  143  9:41  Roach  
  143  9:42  Zergling x2  
  143  9:43  Ravager  
  143  9:44  Ravager x3  
  143  9:45  Ravager x2  
  153  9:46  Ravager x2  
  153  9:47  Ravager  
  153  9:48  Zergling x2  
  153  9:50  Roach  
  159  9:53  Roach  
  161  10:06  Overlord x2  
  162  10:07  Overlord x3, Zergling x2  
  155  10:16  Overlord x2  
  155  10:19  Overlord  
  155  10:21  Zergling x2  
  151  10:28  Hydralisk x4  
  145  10:29  Hydralisk  
  145  10:31  Zergling x2  
  146  10:35  Roach  
  146  10:38  Roach  
  146  10:41  Roach  
  146  10:45  Roach  
  146  10:49  Roach  
  149  10:50  Roach  
  149  10:53  Roach  
  144  10:58  Roach  
  144  11:00  Roach  
  145  11:06  Roach  
  145  11:08  Roach  
  145  11:10  Roach  
  149  11:12  Roach  
  149  11:16  Ravager x3  
  149  11:17  Ravager  
  155  11:19  Roach  
  155  11:24  Roach  
  155  11:25  Roach  
  148  11:33  Roach x3  
  148  11:34  Roach x2  
  148  11:35  Roach  
  148  11:38  Hydralisk  
  137  11:48  Roach x2  
  137  11:56  Hydralisk x2  
  137  11:58  Hydralisk x2  
  137  12:00  Roach x2  
  116  12:09  Roach  
  116  12:11  Roach  
  115  12:18  Hydralisk x4  
  123  12:25  Hatchery  
  123  12:27  Hydralisk  
  124  12:31  Hydralisk  
  124  12:33  Hydralisk  
  124  12:36  Hydralisk  
  128  12:40  Hydralisk  
  132  12:44  Hydralisk  
  132  12:46  Hydralisk  
  132  12:50  Roach  
  138  12:52  Roach  
  138  12:58  Roach x2  
  144  13:00  Zerg Missile Weapons Level 2  
  144  13:07  Roach x3  
  144  13:11  Roach  
  152  13:13  Roach  
  152  13:16  Roach  
  152  13:18  Roach  
  158  13:21  Roach  
  158  13:23  Roach  
  158  13:26  Roach  
  164  13:28  Roach  
  156  13:35  Roach  
  156  13:41  Roach  
  154  13:47  Roach x2  
  152  13:51  Roach  
  140  13:57  Roach  
  140  14:02  Roach  
  141  14:09  Roach  
  135  14:14  Roach  
  127  14:22  Hydralisk  
  119  14:24  Drone  
  114  14:31  Roach  
  114  14:38  Roach  
  118  14:45  Roach  
  118  14:50  Roach  
  120  14:57  Roach  
  122  15:06  Hydralisk  
  124  15:10  Hydralisk  
  126  15:20  Hydralisk  
  120  15:25  Roach  
  120  15:28  Roach  
  108  15:32  Roach  
  110  15:37  Roach  
Show
View Real Time Build Order
Export as new Build Order

Bobby Terran - Winner!

Build Orders: Liberator Opening, Reaper Expand, MMM Bio 

Get SALT Encoding   

  12  0:01  SCV  
  13  0:13  SCV  
  14  0:17  Supply Depot  
  14  0:25  SCV  
  15  0:39  SCV  
  15  0:41  Barracks  
  16  0:44  Refinery  
  16  0:51  SCV  
  17  1:03  SCV  
  18  1:15  SCV  
  19  1:29  Reaper, Orbital Command  
  20  1:40  Command Center  
  20  1:51  Supply Depot  
  20  1:56  SCV  
  20  2:01  Marine  
  22  2:06  Factory  
  22  2:08  SCV  
  22  2:15  Refinery  
  23  2:21  SCV  
  24  2:26  Barracks Reactor  
  24  2:33  SCV  
  25  2:45  SCV  
  26  2:52  Starport, Orbital Command  
  26  2:57  SCV  
  27  3:08  Hellion x2  
  27  3:10  SCV  
  32  3:13  Armory  
  32  3:20  SCV  
  32  3:22  SCV, Barracks Tech Lab  
  32  3:27  Liberator  
  34  3:31  Hellion x2  
  34  3:34  SCV x2  
  39  3:40  Supply Depot  
  39  3:41  Supply Depot  
  40  3:45  Marine  
  40  3:47  SCV  
  40  3:48  SCV  
  46  4:02  Hellion x2  
  50  4:03  SCV x2  
  50  4:04  Supply Depot  
  52  4:12  Liberator  
  52  4:16  SCV x2  
  53  4:18  Stimpack  
  53  4:25  Hellion x2  
  53  4:27  Supply Depot  
  53  4:31  SCV x2  
  62  4:39  Command Center  
  62  4:44  Supply Depot  
  62  4:47  SCV x2  
  64  4:54  Liberator  
  64  4:57  Hellion x2  
  66  5:05  SCV x2  
  65  5:08  Marine  
  65  5:12  Barracks  
  65  5:13  Barracks  
  63  5:19  Hellion x2  
  67  5:24  SCV x2  
  65  5:32  Refinery  
  65  5:34  Refinery, Engineering Bay  
  65  5:35  Engineering Bay  
  61  5:36  SCV x2  
  61  5:42  Hellion x2  
  67  5:48  SCV  
  67  5:49  SCV  
  65  5:51  Orbital Command  
  65  5:55  Marine  
  66  5:57  Starport Reactor  
  66  6:01  SCV x2  
  68  6:05  Hellion x2  
  72  6:13  SCV x2  
  72  6:14  Bunker  
  72  6:15  Bunker  
  74  6:20  Barracks Reactor x2  
  74  6:22  SCV, Barracks  
  74  6:24  Terran Infantry Weapons Level 1, Terran Infantry Armor Level 1, Barracks  
  74  6:25  SCV  
  76  6:30  Hellion x2, Marine  
  81  6:35  SCV x2, Medivac x2  
  87  6:40  Missile Turret  
  87  6:42  SCV, Missile Turret  
  87  6:44  Missile Turret  
  85  6:47  SCV  
  85  6:48  Marine  
  85  6:50  SCV  
  85  6:52  Missile Turret  
  88  6:54  SCV  
  88  6:57  Marine x4  
  92  7:04  Combat Shields  
  92  7:05  SCV x2  
  92  7:07  SCV  
  95  7:10  Medivac  
  95  7:11  Medivac  
  99  7:17  SCV, Missile Turret  
  99  7:18  Barracks Reactor  
  101  7:25  Barracks Reactor  
  101  7:27  Supply Depot x2  
  101  7:29  Marine x4  
  106  7:31  Marine  
  105  7:39  Starport  
  105  7:40  Medivac  
  105  7:41  Medivac  
  105  7:43  SCV  
  105  7:44  Barracks  
  109  7:48  SCV, Marine x4  
  114  7:54  Terran Ship Weapons Level 1  
  114  7:55  SCV  
  114  7:56  SCV  
  114  7:57  Refinery  
  114  7:58  Refinery  
  116  7:59  Command Center  
  116  8:01  Marine x3  
  116  8:02  Marine  
  116  8:03  Supply Depot  
  116  8:04  Supply Depot, Marine  
  121  8:06  Marine  
  121  8:08  Marine x3  
  121  8:10  SCV  
  121  8:11  SCV  
  121  8:19  Marine x3  
  123  8:24  Marauder, Marine x2  
  123  8:25  Marine  
  123  8:26  Starport Tech Lab  
  123  8:28  SCV  
  124  8:36  SCV  
  124  8:38  Marine x2  
  122  8:45  Marine x4  
  122  8:46  Barracks Tech Lab, Marauder  
  112  8:49  Marine x2  
  112  8:54  SCV x2  
  102  8:56  Marine x2  
  98  9:03  Marine x3  
  98  9:04  SCV  
  98  9:05  Marine  
  98  9:06  Concussive Shells, Marauder  
  98  9:07  SCV, Marauder, Marine  
  104  9:19  Marine x2  
  104  9:21  Marine  
  94  9:25  Marine  
  94  9:26  SCV x2, Marine  
  94  9:27  SCV, Marauder  
  94  9:29  Marauder  
  103  9:35  Marine x3  
  103  9:37  Marine x2  
  108  9:38  SCV  
  108  9:39  Marine  
  108  9:41  Terran Infantry Weapons Level 2, Terran Infantry Armor Level 2  
  108  9:43  SCV, Marine x2  
  108  9:44  SCV  
  114  9:48  Marauder  
  114  9:52  Marauder  
  118  9:53  Marine x2  
  118  9:56  SCV  
  121  10:00  Marine  
  121  10:03  Command Center  
  121  10:04  Marine x4  
  126  10:10  Supply Depot, Marauder  
  126  10:11  Supply Depot  
  126  10:13  Marauder  
  114  10:26  Marine x2  
  114  10:27  Marine x6  
  117  10:29  Medivac  
  117  10:31  Marauder  
  117  10:34  Marauder  
  103  10:44  Marine x2  
  103  10:45  Marine x6  
  106  10:50  Orbital Command  
  106  10:52  Marauder  
  106  10:56  SCV x2, Marauder  
  112  11:02  Marine  
  107  11:06  Marine  
  107  11:07  Marine x5  
  107  11:08  SCV x2  
  111  11:14  Marauder  
  113  11:18  Medivac  
  113  11:19  Medivac  
  113  11:20  SCV x2  
  113  11:22  Marine  
  113  11:23  Marauder, Marine  
  123  11:32  SCV, Marine x4  
  116  11:33  Marine  
  116  11:34  Marine  
  116  11:35  Marauder  
  100  11:40  Marine x2  
  100  11:44  Marauder  
  101  11:50  Marine x3  
  101  11:53  Medivac x2  
  107  11:55  SCV x2  
  107  11:56  Orbital Command  
  107  11:57  Marauder  
  105  12:06  Marauder  
  105  12:07  Marine x2  
  84  12:18  Marauder  
  84  12:19  Marine  
  84  12:22  Marine  
  87  12:23  Marine  
  87  12:27  Marauder  
  91  12:33  Marine x4  
  91  12:34  Marine  
  96  12:39  Marauder  
  96  12:40  Marine x2  
  96  12:41  Marine  
  101  12:48  Marauder  
  101  12:49  Terran Infantry Weapons Level 3  
  101  12:51  Marine x2  
  102  12:52  Marine x2  
  102  12:53  Marine  
  102  12:56  Medivac  
  108  13:01  Marauder, Marine x3  
  113  13:08  Marine  
  113  13:09  Marine x2  
  113  13:10  Marine  
  113  13:12  Marine  
  115  13:13  Marine  
  115  13:15  Medivac  
  115  13:19  Marine  
  119  13:23  Marauder  
  119  13:24  Marine  
  122  13:28  Marauder  
  122  13:34  Marine x2  
  124  13:38  Marine  
  124  13:39  Marine x2  
  125  13:48  Marine  
  123  13:56  Supply Depot  
  123  13:57  Supply Depot  
  120  14:07  Supply Depot  
  120  14:08  Supply Depot  
  120  14:09  Marine x3  
  109  14:10  Marauder  
  109  14:11  Marauder  
  100  14:21  Marine x2  
  100  14:22  Marine x3  
  100  14:23  Medivac x2  
  95  14:26  Marine x2  
  95  14:30  Marine  
  97  14:32  Marauder x2  
  101  14:39  Marine  
  102  14:47  Marine x3, Medivac  
  102  14:48  Marine x3  
  110  14:53  Marauder x2  
  114  15:01  Marine x2  
  116  15:14  Orbital Command, Marauder  
  116  15:15  Marauder  
  112  15:23  Marine  
  112  15:26  Marine  
  110  15:30  Marine x2  
  110  15:34  Marine  
  113  15:36  Marauder x2  

Tags
 
Add a new tag
Caveats
  • Supply blocks, unpowered buildings, or Contaminate may cause inaccurate times.
  • Supply counts are checked every 10 seconds.